 Dungeon Crawl Stone Soup version 0.29-a0-1047-g7c58e119a4 (webtiles) character file.

Game seed: 15754915095562143231

37 siradein the Shooter (level 3, 0/31 HPs)
             Began as a Hill Orc Hunter on Aug 16, 2022.
             Frozen to death by an endoplasm (4 damage)
             ... on level 1 of the Dungeon.
             The game lasted 00:01:55 (1043 turns).

siradein the Shooter (Hill Orc Hunter)              Turns: 1043, Time: 00:01:55

Health: 0/31       AC:  3    Str: 15    XL:     3   Next: 39%
Magic:  3/3        EV: 11    Int:  9    God:
Gold:   30         SH:  0    Dex: 14    Spells: 2/2 levels left

rFire   . . .      SeeInvis .   a - +0 shortbow
rCold   . . .      Faith    .   (shield currently unavailable)
rNeg    . . .      Spirit   .   c - +0 leather armour
rPois   .          Reflect  .   (no helmet)
rElec   .          Harm     .   (no cloak)
rCorr   .          Rampage  .   (no gloves)
Will    .....                   (no boots)
Stlth   +.........              (no amulet)
HPRegen 0.10/turn               (no ring)
MPRegen 0.08/turn               (no ring)

@: no status effects
A: no striking features
a: no special abilities


You were on level 1 of the Dungeon.
You visited 1 branch of the dungeon, and saw 2 of its levels.

You collected 30 gold pieces.

Inventory:

Hand Weapons
 a - a +0 shortbow (weapon)
 m - a +0 short sword
Armour
 c - a +0 leather armour (worn)
Scrolls
 b - a scroll of immolation
 d - a scroll of amnesia {unknown}
 f - 2 scrolls of summoning {unknown}
 h - a scroll of teleportation {unknown}
 k - a scroll of blinking {unknown}
Potions
 e - a potion of mutation {unknown}
 g - a potion of brilliance {unknown}
 i - a potion of attraction {unknown}
 j - a potion of cancellation {unknown}
 l - a potion of flight {unknown}


   Skills:
 + Level 3.6 Fighting
 + Level 4.1 Ranged Weapons
 - Level 1.5 Dodging
 - Level 0.7 Stealth


You had 2 spell levels left.
You didn't know any spells.
Your spell library was empty.

Dungeon Overview and Level Annotations

Branches:
Dungeon (2/15)

Altars:


Message History

The hobgoblin barely misses you.
You shoot an arrow. The arrow completely misses the kobold.
The hobgoblin closely misses you. The kobold hits you with a +0 dagger.
The endoplasm misses you. The endoplasm hits you.
The goblin hits you with a +0 dagger. The hobgoblin completely misses you.
The endoplasm hits you. The kobold closely misses you.
The endoplasm freezes you.
You are frozen.
You climb upwards.
There is a stone staircase leading down here.
Unknown command.
Unknown command.
The kobold attacks as you move away! The kobold closely misses you.
The goblin attacks as you move away! The goblin closely misses you.
The goblin attacks as you move away! The goblin barely misses you.
The endoplasm attacks as you move away!
The endoplasm hits you but does no damage.
The hobgoblin hits you. The hobgoblin attacks as you move away!
The hobgoblin closely misses you. The hobgoblin attacks as you move away!
The hobgoblin hits you.
* * * LOW HITPOINT WARNING * * *
The endoplasm attacks as you move away! The endoplasm hits you.
* * * LOW HITPOINT WARNING * * *
The hobgoblin attacks as you move away! The hobgoblin hits you.
* * * LOW HITPOINT WARNING * * *
The endoplasm attacks as you move away! The endoplasm misses you.
The hobgoblin attacks as you move away! The hobgoblin hits you.
* * * LOW HITPOINT WARNING * * *
The endoplasm attacks as you move away! The endoplasm barely misses you.
The endoplasm attacks as you move away!
The endoplasm hits you but does no damage.
The endoplasm attacks as you move away! The endoplasm completely misses you.
Fire: a) +0 shortbow
Press: ? - help, Q - select action Shift-Dir - straight line, f - endoplasm
Aim: an endoplasm (86% to hit)
You shoot an arrow. The arrow hits the endoplasm.
The endoplasm is severely wounded.
The endoplasm freezes you.
You are frozen.
You die...

#.#.......##### #.#.####......#
########.#.####..###.#
#.................##.#
###.###.##.#.####...##.#
....##...#.#.####...##># ######
#####......#........##.# #.....
##...#.............# #.....
##.########@####### #..... #.#
#J# #..... #.# #.# #..... # ##†##
###K####### ##(.... # ##...##
#..gJ.....####...... # ##.....##
#...g............... #
##.......####...............)..
###..(....[.#............#>......
..+.........+....................


You could see 2 endoplasms, a hobgoblin, a goblin and a kobold.

Vanquished Creatures
  2 dart slugs (D:1)
  A ball python (D:1)
  3 endoplasms (D:1)
  3 giant cockroaches (D:1)
  2 goblins
  2 hobgoblins (D:1)
  5 jackals (D:1)
  A quokka (D:1)
  3 bats (D:1)
  3 frilled lizards (D:1)
  3 kobolds (D:1)
  A rat (D:1)
29 creatures vanquished.

Notes
Turn   | Place    | Note
-------+----------+-------------------------------------------
     0 | D:1      | siradein the Hill Orc Hunter began the quest for the Orb.
     0 | D:1      | Reached XP level 1. HP: 18/18 MP: 1/1
   136 | D:1      | Reached XP level 2. HP: 25/25 MP: 2/2
   455 | D:1      | Reached skill level 4 in Ranged Weapons
   530 | D:1      | Reached XP level 3. HP: 31/31 MP: 3/3
   612 | D:1      | Noticed a great orb of eyes
   613 | D:1      | Found a faded altar of an unknown god.
   622 | D:1      | Noticed a shining eye
   629 | D:1      | Noticed an eye of devastation
   656 | D:1      | Noticed a golden eye
  1043 | D:1      | Frozen to death by an endoplasm

Illustrated notes

Levels and vault maps discovered:
D:1:      moated_graveyard_arrival, layout_loops_corners,
          hellmonk_ecumenical_altar_watching_god
D:2:      layout_basic

Skill      XL: |  1  2 |
---------------+-------+-----
Fighting       | 3 |  3.6
Ranged Weapons | 4 |  4.1
Dodging        | |  1.5
Stealth        | |  0.7

Action                   || total
-------------------------++-------
 Fire: Shortbow          ||    97
Armor: Leather armour    ||    19
Dodge: Dodged            ||    47

Table legend: (Time is in decaauts)
 A = Elapsed time spent in this place.
 B = Non-inter-level travel time spent in this place.
 C = Inter-level travel time spent in this place.
 D = Time resting spent in this place.
 E = Time spent auto-exploring this place.
 F = Levels seen in this place.
 G = Mean time per level.
                   A        B        C        D        E       F      G
               +--------+--------+--------+--------+--------+-----+--------+
         Total |   1075 |   1014 |     61 |      0 |    829 |   2 |  537.5 |
       Dungeon |   1075 |   1014 |     61 |      0 |    829 |   2 |  537.5 |
               +--------+--------+--------+--------+--------+-----+--------+

Top non-repeatable levels by time:
     D:1: 1064 daAuts
     D:2: 11 daAuts
